 Dungeon Crawl Stone Soup version 0.20.1-1-g8b1a95d (webtiles) character file.

2935 homeworkjunkie the Cleaver (level 9, -4/78 HPs)
             Began as a Hill Orc Fighter on Nov 27, 2017.
             Was a Follower of Okawaru.
             Killed from afar by Pikel (25 damage)
             ... with a wand of lightning (?/15)
             ... on level 8 of the Dungeon.
             The game lasted 00:10:49 (5502 turns).

homeworkjunkie the Cleaver (Hill Orc Fighter)       Turns: 5502, Time: 00:10:50

Health: -4/78      AC: 18    Str: 20    XL:     9   Next: 80%
Magic:  11/11      EV:  8    Int:  8    God:    Okawaru [*.....]
Gold:   433        SH: 10    Dex: 12    Spells: 8/8 levels left

rFire    . . .     SeeInvis +   a - +1 war axe
rCold    . . .     Gourm    .   c - +0 shield
rNeg     . . .     Faith    .   p - +4 scale mail
rPois    .         Spirit   .   e - +2 helmet
rElec    .         Reflect  .   (no cloak)
rCorr    .         Harm     .   r - +0 pair of gloves
MR       .....                  (no boots)
Stlth    ..........             (no amulet)
Regen    0.3/turn               g - +2 ring of protection
MPRegen  0.2/turn               t - ring of see invisible

@: no status effects
A: no striking features
a: Heroism, Renounce Religion


You were on level 8 of the Dungeon.
You worshipped Okawaru.
Okawaru was aware of your devotion.
You were very full.

You visited 2 branches of the dungeon, and saw 9 of its levels.

You collected 433 gold pieces.

Inventory:

Hand Weapons
 a - a +1 war axe (weapon)
Armour
 c - a +0 shield (worn)
 e - a +2 helmet (worn)
 p - a +4 scale mail (worn)
 r - a +0 pair of gloves (worn)
 x - a +0 cloak
Jewellery
 d - an uncursed ring of poison resistance
 g - a +2 ring of protection (left hand)
 t - a ring of see invisible (right hand)
 v - an uncursed ring of positive energy
Wands
 k - a wand of lightning (6/15)
 n - a wand of digging (13/24)
Scrolls
 l - a scroll of blinking
 q - a scroll of fog
 s - 2 scrolls of teleportation
 u - a scroll of recharging
 w - a scroll of magic mapping
Potions
 b - 2 potions of resistance
 h - 2 potions of curing
 i - 3 potions of heal wounds
 m - a potion of flight
 o - a potion of brilliance
Comestibles
 f - 2 bread rations
 j - 4 meat rations


   Skills:
 * Level 6.8 Fighting
 * Level 11.8 Axes
 * Level 6.3 Armour
 + Level 1.0 Dodging
 + Level 0.1 Stealth
 * Level 6.9 Shields
 * Level 3.1 Evocations


You had 8 spell levels left.
You didn't know any spells.

Dungeon Overview and Level Annotations

Branches:
Dungeon (8/15)             Temple (1/1) D:6
   Lair: D:8-11

Altars:
Ashenzari
Dithmenos
Gozag
Okawaru
Ru
Sif Muna
Uskayaw
Vehumet
Yredelemnul
Zin
The Shining One

Shops:
D:6 (

Annotations:
D:8 Pikel


Message History

The bolt of lightning hits you! The bolt of lightning misses you.
It is a wand of lightning (?/15).
You barely miss Pikel.
Pikel is lightly wounded.
You hit the slave. The slave barely misses you. You block Pikel's attack.
You miss Pikel.
Pikel is lightly wounded.
You slash the slave! You block the slave's attack. You block Pikel's attack.
You hit Pikel.
Pikel is lightly wounded.
You hit the slave but do no damage. The slave barely misses you.
Pikel zaps a wand.
The bolt of lightning hits you! x2
* * * LOW HITPOINT WARNING * * *
You hit Pikel but do no damage.
Pikel is lightly wounded.
You slash the slave! The slave hits you but does no damage.
Pikel zaps a wand.
The bolt of lightning hits you!
* * * LOW HITPOINT WARNING * * *
The bolt of lightning hits you!
You die...

.. ###. .. #.. #..
####.#...
#..##.####........
#..#..[....##.##..
#.#..###..#
####..).<.#..#
##.......#.#..#
......Kp......#
......#@#..#.##
..............#
...##...........
... #.....##.(#..
.. #..#..##..#....
##.#......# ...
......#..# .. ..
%..#


You could see Pikel and a slave.

Vanquished Creatures
  Maurice (D:8)
  The ghost of Cazzer the Shield-Bearer, an amateur DrFi (D:6)
  Grinder (D:4)
  Menkaure (D:6)
  A sky beast (D:6)
  A slave (D:8)
  2 ice beasts
  2 phantoms
  3 ogres
  A centaur (D:7)
  4 bullfrogs
  2 scorpions
  2 howler monkeys
  2 crimson imps
  An orc priest (D:6)
  A bullfrog skeleton (D:7)
  A jelly (D:6)
  A gnoll shaman (D:5)
  2 hounds
  Terence (D:2)
  2 iguanas
  8 orc wizards
  4 worker ants
  2 worker ant zombies (D:5)
  8 gnolls
  9 adders
  3 oozes
  An adder skeleton (D:6)
  4 worms
  A dart slug (D:2)
  6 leopard geckos
  23 orcs
  5 bats
  6 giant cockroaches
  4 goblins
  6 hobgoblins
  2 jackals (D:5)
  2 quokkas
  3 ball pythons
  7 frilled lizards
  9 kobolds
  8 rats
154 creatures vanquished.

Notes
Turn   | Place    | Note
-------+----------+-------------------------------------------
     0 | D:1      | homeworkjunkie the Hill Orc Fighter began the quest for the Orb.
     0 | D:1      | Reached XP level 1. HP: 19/19 MP: 1/1
   107 | D:2      | Reached XP level 2. HP: 27/27 MP: 2/2
   126 | D:2      | Reached skill level 3 in Axes
   316 | D:3      | Noticed an ogre
   335 | D:3      | Killed an ogre
   335 | D:3      | Reached skill level 4 in Axes
   335 | D:3      | Reached XP level 3. HP: 16/33 MP: 3/3
   335 | D:3      | Reached XP level 4. HP: 20/40 MP: 4/4
   597 | D:3      | Reached XP level 5. HP: 42/46 MP: 5/5
  1307 | D:2      | Noticed Terence
  1316 | D:2      | Killed Terence
  1316 | D:2      | Reached skill level 5 in Axes
  1389 | D:2      | Reached XP level 6. HP: 53/53 MP: 6/6
  2142 | D:4      | Noticed a phantom
  2165 | D:4      | Killed a phantom
  2165 | D:4      | Reached skill level 6 in Axes
  2305 | D:5      | Entered Level 5 of the Dungeon
  2317 | D:5      | Reached skill level 5 in Shields
  2325 | D:5      | Reached XP level 7. HP: 52/60 MP: 7/7
  2484 | D:4      | Found a sacrificial altar of Ru.
  2537 | D:5      | Reached skill level 7 in Axes
  2564 | D:4      | Reached skill level 5 in Fighting
  2585 | D:4      | Noticed Grinder
  2597 | D:4      | Killed Grinder
  2597 | D:4      | Reached skill level 8 in Axes
  2597 | D:4      | Reached skill level 5 in Armour
  2921 | D:4      | Reached XP level 8. HP: 68/68 MP: 8/8
  3347 | D:5      | Reached skill level 9 in Axes
  3785 | D:6      | Noticed Menkaure
  3802 | D:6      | Reached skill level 1 in Evocations
  3808 | D:6      | Killed Menkaure
  4072 | D:6      | Found a staircase to the Ecumenical Temple.
  4079 | Temple   | Entered the Ecumenical Temple
  4133 | Temple   | Became a worshipper of Warmaster Okawaru
  4355 | D:6      | Reached skill level 10 in Axes
  4446 | D:6      | Found Payly's Weapon Emporium.
  4519 | D:7      | Reached XP level 9. HP: 75/75 MP: 10/10
  4569 | D:6      | Noticed Cazzer's ghost (amateur DrFi)
  4593 | D:6      | Killed Cazzer's ghost
  4850 | D:7      | Reached * piety under Okawaru
  4850 | D:7      | Reached skill level 11 in Axes
  5007 | D:7      | Reached skill level 1 in Dodging
  5472 | D:8      | Noticed Maurice
  5488 | D:8      | Killed Maurice
  5489 | D:8      | Noticed Pikel
  5502 | D:8      | Killed from afar by Pikel

Skill      XL: |  1  2  3  4  5  6  7  8  9 |
---------------+----------------------------+-----
Axes           | 4 5 6 8 10 11 | 11.8
Fighting       | 4 5 6 |  6.8
Shields        | 4 5 6 |  6.9
Armour         | 4 5 6 |  6.3
Evocations     | 1 3 |  3.1
Dodging        | 1 |  1.0
Stealth        | |  0.1

Action                   |  1- 3 |  4- 6 |  7- 9 || total
-------------------------+-------+-------+-------++-------
Melee: War axe           |    42 |   181 |   358 ||   581
  Use: Potion            |     1 |     2 |     5 ||     8
       Scroll            |       |     9 |     8 ||    17
 Stab: Paralysed         |       |       |     1 ||     1
  Eat: Meat ration       |       |     1 |       ||     1
       Fruit             |       |       |     4 ||     4
       Royal jelly       |       |       |     3 ||     3
       Bread ration      |       |       |     2 ||     2
Armor: Scale mail        |    12 |       |   114 ||   126
       Chain mail        |       |   104 |    42 ||   146
Dodge: Dodged            |    16 |    26 |    87 ||   129
Block: Shield            |    18 |    88 |   157 ||   263
